 Dungeon Crawl Stone Soup version 0.29.1-15-g9cfb28693d (webtiles) character file.

Game seed: 9583811365535106307

113 comborobin the Ruffian (level 4, -1/38 HPs)
             Began as a Draconian Delver on Dec 28, 2023.
             Slain by an orc
             ... wielding a +0 whip
              (6 damage)
             ... on level 5 of the Dungeon.
             The game lasted 00:00:57 (87 turns).

comborobin the Ruffian (Draconian Delver)             Turns: 87, Time: 00:00:58

Health: -1/38      AC:  5    Str: 14    XL:     4   Next: 65%
Magic:  4/4        EV: 12    Int: 13    God:
Gold:   0          SH:  0    Dex: 12    Spells: 3/3 levels left

rFire   . . .      SeeInvis .     - Unarmed
rCold   . . .      Faith    .   (no shield)
rNeg    . . .      Spirit   .   (body armour unavailable)
rPois   .          Reflect  .   (helmet restricted)
rElec   .          Harm     .   (no cloak)
rCorr   .          Rampage  .   (no gloves)
Will    .....                   (no boots)
Stlth   +++.......              (no amulet)
HPRegen 0.12/turn               (no ring)
MPRegen 0.09/turn               (no ring)

@: on berserk cooldown, slowed, very slow
A: AC +5, unfitting armour, cold-blooded
a: no special abilities


You were on level 5 of the Dungeon.
You visited 1 branch of the dungeon, and saw 2 of its levels.

Inventory:

Wands
 e - a wand of digging (3)
Scrolls
 a - a scroll of fog
 b - a scroll of magic mapping


   Skills:
 - Level 3.2 Fighting
 - Level 1.7 Dodging
 - Level 4.5 Stealth
 + Level 5.0 Unarmed Combat


You had 3 spell levels left.
You didn't know any spells.
Your spell library was empty.

Dungeon Overview and Level Annotations

Branches:
Dungeon (6/15)
 Temple: D:4-7

Altars:
Zin

Annotations:
D:5 1 transporter


Innate Abilities, Weirdness & Mutations

Your plain brown scales are hard. (AC +5)
You cannot fit into any form of body armour.
You are cold-blooded and may be slowed by cold attacks.


Message History

The orc attacks as you move away! The orc hits you with a +0 club.
* * * LOW HITPOINT WARNING * * *
The quokka closely misses you. The orc attacks as you move away!
The orc closely misses you. The quokka barely misses you.
The orc closely misses you.
An orc wizard comes into view. It is wielding a +0 dagger.
The quokka closely misses you. The orc hits you with a +0 club.
* * * LOW HITPOINT WARNING * * *
Found 14 gold pieces.
The quokka completely misses you. The quokka attacks as you move away!
The quokka bites you but does no damage. x2
An orc comes into view. It is wielding a +0 mace.
The quokka closely misses you.
There is a glowing silver altar of Zin here.
The quokka bites you.
* * * LOW HITPOINT WARNING * * *
The quokka attacks as you move away!
The quokka bites you but does no damage.
The quokka twitches its whiskers.
The quokka bites you.
* * * LOW HITPOINT WARNING * * *
The quokka attacks as you move away! The quokka closely misses you.
The quokka misses you. The quokka misses you.
The quokka bites you but does no damage.
The quokka attacks as you move away! The quokka closely misses you. x2
Okay, then.
You aren't carrying any potions.
Sorry, you're not good enough to have a special ability.
Unknown command.
You don't know any spells.
Unknown command.
The quokka closely misses you.
The quokka twitches its whiskers.
The quokka bites you but does no damage.
Okay, then.
The quokka bites you but does no damage.
The orc hits you with a +0 whip.
You die...

#$..........
###.#.#####.#
#..o#.oo....#..
#o#.#.#.o.#.#.#.#
#o#.#.#._.#.#.#.#
###o#.#.#...#.#.#.###
#.....#.....o.#.....
#...ro#.#####.#..#
#...@.........o.####
######...#####.o...#
##.....##.o...## ####
#####.##.†.....
##...##...#...)).....
##.........o###......#
#......>.....##.....##
#............###.#...#
#...........>##.^#.#..


You could see 5 orcs and a quokka.

Vanquished Creatures
  A black bear (D:5)
  An orc wizard (D:5)
  2 orcs (D:5)
4 creatures vanquished.

Notes
Turn   | Place    | Note
-------+----------+-------------------------------------------
     0 | D:5      | comborobin the Draconian Delver began the quest for the
                  | Orb.
     0 | D:5      | Reached XP level 1. HP: 19/19 MP: 1/1
     8 | D:5      | Noticed an orc wizard
     9 | D:5      | Noticed a black bear
    10 | D:5      | Found a transporter.
    47 | D:5      | Found a glowing silver altar of Zin.
    57 | D:5      | Killed a black bear
    58 | D:5      | Reached skill level 4 in Unarmed Combat
    58 | D:5      | Reached XP level 2. HP: 22/26 MP: 2/2
    58 | D:5      | Reached XP level 3. HP: 25/31 MP: 3/3
    58 | D:5      | Reached XP level 4. HP: 32/38 MP: 4/4
    69 | D:5      | Reached skill level 5 in Unarmed Combat
    87 | D:5      | Slain by an orc

Illustrated notes

Levels and vault maps discovered:
D:5:      gammafunk_steamed_eel, layout_rooms, mainiacjoe_overflow_cross_hatched
D:6:      layout_loops_ring, minitemple, nicolae_ossuary_entry_ruins,
          serial_shops, shop, uniq_edmund

Skill      XL: |  1  2  3  4 |
---------------+-------------+-----
Unarmed Combat | 4 5 |  5.0
Fighting       | |  3.2
Dodging        | |  1.7
Stealth        | |  4.5

Action                   |  1- 3 |  4- 6 || total
-------------------------+-------+-------++-------
Melee: Unarmed           |     6 |    10 ||    16
       Tailslap          |       |     2 ||     2
  Use: Potion            |     3 |       ||     3
       Scroll            |     1 |       ||     1
Armor: Skin              |     3 |    10 ||    13
Dodge: Dodged            |     7 |    14 ||    21
